 Dungeon Crawl Stone Soup version 0.30-b1-2-g02819fbbbe (webtiles) character file.

Game seed: 9520656600515817218

9 Alarkh the Shooter (level 2, 22/22 HPs)
             Began as a Demonspawn Hunter on May 23, 2023.
             Got out of the dungeon alive.
             The game lasted 00:00:18 (154 turns).

Alarkh the Shooter (Demonspawn Hunter)               Turns: 154, Time: 00:00:18

Health: 22/22      AC:  7    Str: 11    XL:     2   Next: 3%
Magic:  2/2        EV: 11    Int: 10    God:
Gold:   17         SH:  0    Dex: 16    Spells: 1/1 levels left

rFire   . . .        a - +0 shortbow
rCold   . . .        (shield currently unavailable)
rNeg    . . .        c - +0 leather armour
rPois   .            (no helmet)
rElec   .            (no cloak)
rCorr   .            (no gloves)
SInv    .            (no boots)
Will    .....        (no amulet)
Stlth   +            e - +4 ring of protection
HPRegen 0.23/turn    (no ring)
MPRegen 0.16/turn

%: no passive effects
@: no status effects
A: magic regeneration
a: no special abilities


You escaped.
You visited 1 branch of the dungeon, and saw 1 of its levels.

You collected 17 gold pieces.

Inventory:

Hand Weapons
 a - a +0 shortbow (weapon)
Missiles
 h - 2 poisoned darts
Armour
 c - a +0 leather armour (worn)
Jewellery
 e - a +4 ring of protection (left hand)
Scrolls
 b - a scroll of immolation
 d - a scroll of enchant armour {unknown}
 g - a scroll of acquirement {unknown}
Potions
 f - a potion of heal wounds {unknown}


   Skills:
 - Level 2.0 Fighting
 + Level 4.1 Ranged Weapons
 - Level 1.7 Dodging
 - Level 0.8 Stealth


You had one spell level left.
You didn't know any spells.
Your spell library was empty.

Dungeon Overview and Level Annotations

Branches:
Dungeon (1/15)

Altars:


Innate Abilities, Weirdness & Mutations

You regenerate magic rapidly.


Message History

The arrow completely misses the endoplasm.
The endoplasm completely misses you.
You shoot an arrow. The arrow hits the endoplasm.
You kill the endoplasm!
No target in view!
Found a robe.
A rat comes into view.
Found 2 poisoned darts.
You shoot an arrow. The arrow hits the rat!
You kill the rat!
No target in view!
No target in view!
A bat comes into view.
You see here a scroll labelled WIAJ IGIUGA.
A bat is nearby!
A bat is nearby!
You shoot an arrow. The arrow hits the bat!
You kill the bat!
Your Ranged Weapons skill increases to level 4!
No target in view!
No target in view!
g - a scroll labelled WIAJ IGIUGA
There are no items here.
You see here 2 poisoned darts.
h - 2 poisoned darts You see here a rat corpse.
An endoplasm comes into view.
You shoot an arrow. The arrow hits the endoplasm!
You kill the endoplasm!
You have reached level 2!
Your demonic ancestry asserts itself...
Your magic begins to regenerate rapidly.
A rat comes into view.
You shoot an arrow. The arrow hits the rat.
You kill the rat!
No target in view!
There is an open door here.
There is a staircase leading out of the dungeon here.
Are you sure you want to leave the Dungeon?
This will make you lose the game!
You have escaped!

###.## ##..## #.##
#.####....####.#.
#..##..##..##....
#................
#####.###.###....
#...##.# ##...
#########...#.#####..
#.......#..##........
+...@...'.##########.
#.......#.# #.
#########... #.
#.......#.#.# #.
+.>.>.>.+.#.# #.
#$......#.# # #.
#########.# #####. .#
....... .......


There were no monsters in sight!

Vanquished Creatures
  2 endoplasms (D:1)
  A giant cockroach (D:1)
  2 bats (D:1)
  4 rats (D:1)
9 creatures vanquished.

Notes
Turn   | Place    | Note
-------+----------+-------------------------------------------
     0 | D:1      | Alarkh the Demonspawn Hunter began the quest for the Orb.
     0 | D:1      | Reached XP level 1. HP: 16/16 MP: 1/1
   100 | D:1      | Reached skill level 4 in Ranged Weapons
   123 | D:1      | Gained mutation: You regenerate magic rapidly. [demonic
                  | ancestry]
   123 | D:1      | Reached XP level 2. HP: 22/22 MP: 2/2
   154 | D:$      | Got out of the dungeon alive.

Illustrated notes

Levels and vault maps discovered:
D:1:      minmay_arrival_up_and_down, layout_loops_cross, grunt_decor_clamped,
          palyth_stone_intersect

Skill      XL: |  1 |
---------------+----+-----
Ranged Weapons | 4 |  4.1
Fighting       | |  2.0
Dodging        | |  1.7
Stealth        | |  0.8

Action                     || total
---------------------------++-------
   Fire: Shortbow          ||    16
  Dodge: Dodged            ||     4
